 Dungeon Crawl Stone Soup version 0.30.1-9-gdf580d7c3d (webtiles) character file.

Game seed: 5444592167786297890

4485 Zalbag the Nimble (level 10, -1/80 HPs)
             Began as a Djinni Ice Elementalist on Oct 25, 2023.
             Slain by a boulder beetle (35 damage)
             ... on level 8 of the Dungeon.
             The game lasted 00:28:18 (7794 turns).

Zalbag the Nimble (Djinni Ice Elementalist)         Turns: 7794, Time: 00:28:18

Health: -1/80      AC:  7    Str:  7    XL:     10   Next: 64%
Gold:   454        EV: 16    Int: 27    God:
                   SH:  0    Dex: 15

rFire   + . .        n - +0 arbalest
rCold   x . .        (shield currently unavailable)
rNeg    . . .        u - +0 leather armour of Vailupri {rF- rCorr Int+7}
rPois   ∞            x - +1 helmet
rElec   .            w - +1 cloak
rCorr   +            (no gloves)
SInv    .            (boots unavailable)
Will    +....        (no amulet)
Stlth   ++           (no ring)
HPRegen 0.33/turn    (no ring)
MPRegen 0.00/turn

%: infuse magic (-2 HP)
@: flying
A: sickness immunity, fire resistance 2, cold vulnerability 1, float, innate
caster, HP casting, extra vitality 1
a: no special abilities


You were on level 8 of the Dungeon.
You visited 2 branches of the dungeon, and saw 9 of its levels.

You collected 454 gold pieces.

Inventory:

Hand Weapons
 b - a +0 whip
 d - a +0 dagger
 j - a +0 shortbow
 n - a +0 arbalest (weapon)
 p - a +2 mace of holy wrath
Missiles
 i - 4 javelins
 m - a curare-tipped dart
 v - 23 poisoned darts
Armour
 a - a +0 robe
 o - a +0 cloak
 u - the +0 leather armour of Vailupri (worn) {rF- rCorr Int+7}
   (You found it on level 3 of the Dungeon)

   Int:       It affects your intelligence (+7).
   rF:        It makes you vulnerable to fire.
   rCorr:     It protects you from acid and corrosion.
 w - a +1 cloak (worn)
 x - a +1 helmet (worn)
 A - a scarf of invisibility
 F - a +2 buckler
Jewellery
 s - a ring of fire
 y - a ring of protection from fire
 G - a +5 ring of evasion
Wands
 E - a wand of roots (8)
Scrolls
 h - a scroll of enchant weapon {unknown}
 k - a scroll of fog
 q - 2 scrolls of enchant armour
 t - 2 scrolls of teleportation
 B - a scroll of silence {unknown}
 C - a scroll of magic mapping {unknown}
 D - a scroll of acquirement {unknown}
Potions
 c - a potion of mutation
 e - 2 potions of might
 f - 3 potions of curing
 g - 2 potions of degeneration
 l - a potion of magic {unknown}
 r - 2 potions of attraction
 z - a potion of cancellation {unknown}


   Skills:
 - Level 10.0 Fighting
 - Level 1.7 Ranged Weapons
 - Level 10.6 Dodging
 + Level 3.7 Stealth
 * Level 7.6 Spellcasting


You knew the following spells:

 Your Spells              Type           Power      Damage    Failure   Level
a - Freeze                Ice            100%       1d10      1%          1
b - Frozen Ramparts       Ice            100%       1d16      1%          3
c - Ozocubu's Armour      Ice            51%        N/A       1%          3
d - Summon Ice Beast      Ice/Summ       51%        N/A       3%          4
e - Sting                 Tmut/Pois      100%       1d8       1%          1
f - Lesser Beckoning      Tloc           100%       N/A       1%          2
g - Call Canine Familiar  Summ           51%        N/A       1%          3
h - Olgreb's Toxic Radia  Pois           51%        N/A       3%          4
Your spell library was empty.

Dungeon Overview and Level Annotations

Branches:
Dungeon (8/15)             Temple (1/1) D:7
   Lair: D:8-11

Altars:
Ashenzari
Cheibriados
Elyvilon
Fedhas
Gozag
Hepliaklqana
Nemelex Xobeh
Okawaru
Qazlal
Ru
Trog
Uskayaw
Wu Jian
Xom
Yredelemnul
The Shining One

Shops:
D:5 (

Annotations:
D:5 Pikel


Innate Abilities, Weirdness & Mutations

You are immune to sickness and miasma.
You are immune to poison.
Your flesh is very heat resistant. (rF++)
You are vulnerable to cold. (rC-)
You float through the air rather than walking.
You learn spells naturally, not from books.
Your magical power is your life essence.
You have superior vitality. (+4 MHP)


Message History

Casting: Sting (safe; 1% risk of failure)
Confirm with . or Enter, or press ? or * to list all spells.
Aiming: Sting (safe; 1% risk of failure)
Press: ? - help, Shift-Dir - straight line, f - kobold brigand
Aim: a kobold brigand, wielding a +0 short sword and quivering curare-tipped darts (severely wounded, very poisoned, 72% to hit)
Okay, then.
Casting: Sting (safe; 1% risk of failure)
Confirm with . or Enter, or press ? or * to list all spells.
Aiming: Sting (safe; 1% risk of failure)
Press: ? - help, Shift-Dir - straight line, f - kobold brigand
Aim: a kobold brigand, wielding a +0 short sword and quivering curare-tipped darts (severely wounded, very poisoned, 72% to hit)
The sting hits the kobold brigand.
The kobold brigand looks even sicker.
The kobold brigand is almost dead.
You kill the kobold brigand!
Your toxic aura wanes.
Casting: Sting (safe; 1% risk of failure)
Confirm with . or Enter, or press ? or * to list all spells.
Aiming: Sting (safe; 1% risk of failure)
Press: ? - help, Shift-Dir - straight line, f - boulder beetle
Aim: a boulder beetle (heavily wounded, poisoned, 100% to hit)
The sting hits the boulder beetle but does no damage.
The boulder beetle looks even sicker.
The boulder beetle is heavily wounded.
Unknown command.
Casting: Sting (safe; 1% risk of failure)
Confirm with . or Enter, or press ? or * to list all spells.
Okay, then.
Aiming: Fastroot
Press: ? - help, Shift-Dir - straight line, f/p - boulder beetle
Aim: a boulder beetle (severely wounded, very poisoned)
The roots erupt in riotous growth!
Roots grab the boulder beetle.
The grasping roots constrict the boulder beetle, but do no damage.
You hear a shout!
The boulder beetle curls into a ball and begins rolling!
The grasping roots constrict the boulder beetle, but do no damage.
The roots release their grip on the boulder beetle.
The boulder beetle attacks as you move away!
The boulder beetle hits you!!
You die...

#♣.≈.♣#.# #.≈≈≈.#.#
#.≈≈≈.#.# #.≈≈≈.#.#
#.≈~≈.#.# ###♣~≈~♣..#
+#...≈~≈...#
##)#.#♣~≈~♣..#
#c.#@#.≈)≈.#.#.. ..
#..#B#.≈≈≈.#.#.##.##.
##§##°#)≈≈≈.#.#.#...Y
#c))c.#.≈≈≈.#.#.#..#
#.♣♣♣.#♣.≈.♣#.#....
#. ..#♣♣.♣♣#.#..## ##
##########.#...#
..........#.###.
.........#......


You could see a boulder beetle (rolling, very poisoned) and a centaur warrior.

Vanquished Creatures
  A two-headed ogre (D:8)
  A black bear (D:7)
  4 lemures
  2 centaurs
  A phantom (D:7)
  3 kobold brigands
  Blork the orc (D:5)
  A bullfrog (D:7)
  5 scorpions
  2 water moccasin zombies (D:6)
  A wyvern skeleton (D:6)
  A bullfrog zombie (D:6)
  8 hounds
  3 jellies
  A bullfrog skeleton (D:6)
  2 orc priests (D:6)
  7 iguanas
  An orc wizard (D:8)
  4 sleepcaps
  A gnoll (D:2)
  8 adders
  A shadow imp (D:7)
  2 white imps
  3 dart slugs
  14 orcs
  4 ball pythons
  4 bats
  8 endoplasms
  2 giant cockroaches
  4 goblins
  10 hobgoblins
  4 jackals (D:3)
  8 quokkas
  3 frilled lizards
  9 kobolds
  7 rats
  A spectral orc (D:6)
142 creatures vanquished.

Vanquished Creatures (collateral kills)
  Sigmund (D:5)
  A water moccasin (D:6)
  An ice beast (D:8)
  A black bear (D:5)
  A bullfrog (D:8)
  A wyvern skeleton (D:6)
  3 bullfrog zombies (D:6)
  3 centaur zombies (D:6)
  A sleepcap (D:6)
  Crazy Yiuf (D:6)
  2 gnolls (D:2)
  4 orcs (D:6)
  2 kobolds (D:6)
22 creatures vanquished.

Grand Total: 164 creatures vanquished

Notes
Turn   | Place    | Note
-------+----------+-------------------------------------------
     0 | D:1      | Zalbag the Djinni Ice Elementalist began the quest for the
                  | Orb.
     0 | D:1      | Zalbag set off with the following spells memorised: Freeze,
                  | Frozen Ramparts, Ozocubu's Armour, Summon Ice Beast.
     0 | D:1      | Reached XP level 1. HP: 15/15 MP: 0/0
   315 | D:1      | Reached XP level 2. HP: 17/22 MP: 0/0
   571 | D:1      | Reached skill level 1 in Fighting
   650 | D:1      | Reached XP level 3. HP: 26/27 MP: 0/0
   650 | D:1      | Learned a level 1 spell: Sting
  1190 | D:2      | Found a faded altar of an unknown god.
  1215 | D:2      | Reached XP level 4. HP: 26/33 MP: 0/0
  1382 | D:2      | Found a blossoming altar of Fedhas.
  1578 | D:2      | Reached XP level 5. HP: 20/38 MP: 0/0
  1578 | D:2      | Learned a level 2 spell: Lesser Beckoning
  2817 | D:3      | Identified the +0 leather armour of Vailupri {rF- rCorr
                  | Int+7}
  2837 | D:3      | Reached XP level 6. HP: 43/45 MP: 0/0
  3281 | D:4      | Reached skill level 5 in Spellcasting
  3336 | D:4      | Found a glowing golden altar of the Shining One.
  3728 | D:5      | Entered Level 5 of the Dungeon
  3728 | D:5      | Noticed Blork the orc
  3751 | D:5      | Reached XP level 7. HP: 47/50 MP: 0/0
  3751 | D:5      | Learned a level 3 spell: Call Canine Familiar
  3889 | D:5      | Found Roxkes Nerr's Antique Weapon Emporium.
  4069 | D:5      | Killed Blork the orc
  4147 | D:5      | Reached XP level 8. HP: 51/58 MP: 0/0
  4162 | D:5      | Noticed Sigmund
  4169 | D:5      | Killed Sigmund
  4710 | D:6      | Noticed Pikel
  4924 | D:4      | Reached skill level 10 in Fighting
  4924 | D:4      | Reached skill level 10 in Dodging
  4924 | D:4      | Reached XP level 9. HP: 74/74 MP: 0/0
  4924 | D:4      | Learned a level 4 spell: Olgreb's Toxic Radiance
  5440 | D:6      | Reached skill level 1 in Ranged Weapons
  5509 | D:6      | Reached XP level 10. HP: 59/80 MP: 0/0
  6296 | D:6      | Found a runed translucent door.
  6297 | D:6      | Noticed Crazy Yiuf
  6376 | D:6      | Found a basalt altar of Yredelemnul.
  6505 | D:6      | Killed Crazy Yiuf
  6733 | D:7      | Found a staircase to the Ecumenical Temple.
  6742 | Temple   | Entered the Ecumenical Temple
  7715 | D:8      | Noticed a two-headed ogre
  7758 | D:8      | Killed a two-headed ogre
  7775 | D:8      | Noticed a centaur warrior
  7775 | D:8      | Noticed a boulder beetle
  7794 | D:8      | Slain by a boulder beetle

Illustrated notes

Levels and vault maps discovered:
D:1:      minmay_arrival_solitary_statue, layout_loops_corners,
          minmay_misc_feat_roman
D:2:      layout_basic, basic_altar, shapermc_ecumenical_altar_starsandcircs,
          amcnicky_mini_rare_corridor_liquid
D:3:      minmay_angry_zag, layout_loops_corners, nicolae_vehumet_altar_sigil,
          kennysheep_path_1, palyth_stone_intersect
D:4:      layout_rooms, mainiacjoe_overflow_boulevard
D:5:      layout_loops_ring, serial_shops, nicolae_shop_tiny_waterfront,
          hangedman_decor_push, st_stairs_9, lemuel_flamethrower_2,
          uniq_sigmund, uniq_blork_the_orc
D:6:      layout_basic, nicolae_overflow_hidden_temple,
          yredelemnul_forgotten_temple_becter, serial_undead, serial_undead_b,
          serial_undead_d, serial_undead_d, serial_undead_d, uniq_pikel,
          uniq_crazy_yiuf_cottage
D:7:      layout_basic, minmay_temple_entry_large_hall
D:8:      nzn_winding_woodlands_small
          [nzn_winding_woodlands_5x15_river_crossing,
          nzn_winding_woodlands_center_lodge,
          nzn_winding_woodlands_5x15_jagged], layout_basic, zin_academy,
          serial_shops, shop, enter_bailey_4, serial_curves, eino_curves_01,
          eino_curves_02
Temple:   hellmonk_temple_of_storms

Skill      XL: |  1  2  3  4  5  6  7  8  9 10 |
---------------+-------------------------------+-----
Fighting       | 1 2 3 4 10 | 10.0
Spellcasting   | 4 5 6 7 |  7.6
Dodging        | 4 10 | 10.6
Stealth        | 2 3 |  3.7
Ranged Weapons | 1 |  1.7

Action                     |  1- 3 |  4- 6 |  7- 9 | 10-12 || total
---------------------------+-------+-------+-------+-------++-------
  Melee: Unarmed           |     8 |       |       |       ||     8
         Dagger            |    27 |     9 |    35 |    13 ||    84
         Punch             |     1 |       |       |     1 ||     2
         Mace              |       |       |       |    26 ||    26
   Fire: Arbalest          |       |    52 |    70 |    36 ||   158
  Throw: Javelin           |       |     2 |     3 |     1 ||     6
   Cast: Freeze            |    31 |    42 |    76 |    31 ||   180
         Sting             |     1 |    12 |    12 |    18 ||    43
         Summon Ice Beast  |       |     1 |     4 |     4 ||     9
         Ozocubu's Armour  |       |       |     4 |     1 ||     5
         Call Canine Famil |       |       |     5 |     1 ||     6
         Olgreb's Toxic Ra |       |       |       |     2 ||     2
  Evoke: Wand              |       |       |       |     2 ||     2
    Use: Scroll            |       |       |     9 |     1 ||    10
         Potion            |       |       |     3 |     1 ||     4
   Stab: Sleeping          |     4 |     4 |     1 |     2 ||    11
 Armour: Robe              |    10 |     6 |       |       ||    16
         Leather armour    |       |     2 |    45 |    24 ||    71
  Dodge: Dodged            |    53 |    20 |   132 |    58 ||   263
